 Dungeon Sprint DCSS version 0.30-a0-371-gad7725a93e (webtiles) character file.

Game seed: 16085611139336668285

4000000 Kingsmith the Archmage (level 25, -21/214 HPs)
             Began as a Djinni Warper on Nov 21, 2022.
             Was the Champion of Makhleb.
             Demolished by a large bag of meat
             ... wielding a +9 giant spiked club
              (109 damage)
             ... in the Dungeon (Sprint VIII: "Arena of Blood").
             The game lasted 00:02:39 (40 turns).

Kingsmith the Archmage (Djinni Warper)                Turns: 40, Time: 00:02:39

Health: -21/214    AC:  6    Str: 10    XL:     25   Next: 14%
Gold:   0          EV: 27    Int: 24    God:    Makhleb [******] SH:  0 Dex: 16

rFire   + + .      SeeInvis .    h - +∞ Axe of Woe
rCold   x . .      Faith    .    (shield currently unavailable)
rNeg    . . .      Spirit   .    a - +0 leather armour
rPois   ∞          Reflect  .    (no helmet)
rElec   .          Harm     .    (no cloak)
rCorr   .          Rampage  .    (no gloves)
Will    ++...      NoTele   +    (boots unavailable)
Stlth   ++++++....               (no amulet)
HPRegen 0.55/turn                (no ring)
MPRegen 0.00/turn                (no ring)

@: flying
A: sickness immunity, fire resistance 2, cold vulnerability 1, float, innate
caster, HP casting, extra vitality 1
a: Renounce Religion, Minor Destruction, Lesser Servant of Makhleb, Major
Destruction, Greater Servant of Makhleb


You were in the Dungeon.
You worshipped Makhleb.
Makhleb was exalted by your worship.
You visited 1 branch

Inventory:

Hand Weapons
 h - the +∞ Axe of Woe (weapon)
   (You found it in the Dungeon)
Missiles
 c - 7 boomerangs of dispersal (quivered)
Armour
 a - a +0 leather armour (worn)
Scrolls
 b - 2 scrolls of blinking
Potions
 d - a potion of curing
 e - a potion of heal wounds
 f - a potion of haste
 g - a potion of berserk rage


   Skills:
 O Level 27 Fighting
 + Level 17.2(20.0) Short Blades
 + Level 17.2(20.0) Long Blades
 O Level 27 Axes
 + Level 15.8(24.8) Maces & Flails
 + Level 15.8(24.8) Polearms
 + Level 17.2(22.4) Staves
 + Level 15.8 Ranged Weapons
 O Level 27 Throwing
 O Level 27 Armour
 O Level 27 Dodging
 + Level 17.2 Stealth
 + Level 18.6 Shields
 O Level 27 Unarmed Combat
 O Level 27 Spellcasting
 + Level 18.6 Invocations
 + Level 18.6 Evocations


You had 2 spell levels left.
You knew the following spells:

 Your Spells              Type           Power      Damage    Failure   Level
a - Blink                 Tloc           100%       N/A       0%          2
b - Lesser Beckoning      Tloc           100%       N/A       0%          3
c - Vhi's Electric Charg  Tloc/Air       100%       N/A       0%          3
d - Teleport Other        Tloc           100%       N/A       0%          3
e - Manifold Assault      Tloc           100%       N/A       0%          4
f - Magic Dart            Conj           100%       1d8       0%          1
g - Ensorcelled Hibernat  Hex/Ice        100%       N/A       0%          2
h - Poisonous Vapours     Pois/Air       100%       N/A       0%          2
i - Ignite Poison         Fire/Tmut/Pois 100%       N/A       0%          3
j - Alistair's Intoxicat  Tmut/Pois      69%        N/A       0%          5
k - Arcjolt               Conj/Air       52%        1d62      0%          5
l - Simulacrum            Ice/Necr       52%        N/A       0%          6
m - Iron Shot             Conj/Erth      52%        9d10      0%          6
n - Monstrous Menagerie   Summ           52%        N/A       0%          7
o - Orb of Destruction    Conj           52%        9d13      0%          7
p - Maxwell's Capacitive  Air            52%        ∞         1%          8
q - Death's Door          Necr           52%        N/A       1%          9
Your spell library was empty.

Dungeon Overview and Level Annotations

Branches:
Dungeon (1/1)

Altars:
Makhleb

Annotations:
D The Servant


Innate Abilities, Weirdness & Mutations

You are immune to sickness and miasma.
You are immune to poison.
Your flesh is very heat resistant. (rF++)
You are vulnerable to cold. (rC-)
You float through the air rather than walking.
You learn spells naturally, not from books.
Your magical power is your life essence.
You have superior vitality. (+4 MHP)


Message History

You are engulfed in blazing flames.
You resist.
You hear a shout! x5
A bag of meat comes into view. It is wielding a +9 war axe.
The bag of meat is engulfed in blazing flames.
A bag of meat comes into view. It is wielding a +9 war axe. x2
Your base Short Blades skill increases to level 17!
Your base Long Blades skill increases to level 17!
Your base Staves skill increases to level 17!
Your Stealth skill increases to level 17!
You have reached level 25!
The power to cast Death's Door wells up from within.
Spell assigned to 'q'.
A destroyer and a meat berserker come into view.
The destroyer is wielding a +9 vorpal great sword.
You hear a shout! x6
The Servant is engulfed in blazing flames.
You hear a shout! x2
A bag of meat comes into view. It is wielding a +9 war axe.
The bag of meat is engulfed in blazing flames. x2
You hear a shout!
The destroyer moves out of view.
Items here: )) == ††.
A bag of meat comes into view. It is wielding a +9 war axe.
The bag of meat shouts! x2; You hear a shout! x2
A meat berserker comes into view. It is wielding a +9 battleaxe.
You hear a shout! x2
The large bag of meat is engulfed in blazing flames.
A bag of meat comes into view. It is wielding a +9 war axe. x2
The bag of meat is engulfed in blazing flames.
You hear a shout! x3
A destroyer and a bag of meat come into view.
The destroyer is wielding a +9 vorpal great sword.
The destroyer shouts! x2; You hear a shout! x3
A destroyer comes into view. It is wielding a +9 vorpal great sword.
You hear a shout! x2
The large bag of meat hits you with a +9 giant spiked club!!!!
Ouch! That really hurt!
The large bag of meat hits you with a +9 giant spiked club!!!!
Ouch! That really hurt!
You die...

.#....§o###......o###.
......Vo§§...###......
.....#).).○).._.......
...#...§○§○#.....#....
#......)○○○#_.<._# .
...#...)§§)#...O.#
V....#.@°§.).._.....
V....)..§§...###......
o...O..@###.......###.
....§§.Oo.#.......#
...o§o§...#.......#
.#..§.§............
#o#.#...O.......
o#o#...........
#.#.#..........
V#.#.....#o....


You could see The Servant, 4 destroyers, a large bag of meat (inner flame), 2
meat berserkers and 9 bags of meat.

Vanquished Creatures
  5 vampire knights (D)
  18 ogres (D)
  5 two-headed ogres (D)
  26 orcs (D)
54 creatures vanquished.

Notes
Turn   | Place    | Note
-------+----------+-------------------------------------------
     0 | D        | Found the +∞ Axe of Woe
     0 | D        | Kingsmith the Djinni Warper began the quest for the Orb.
     0 | D        | Kingsmith set off with the following spells memorised:
                  | Blink, Lesser Beckoning, Vhi's Electric Charge, Teleport
                  | Other, Manifold Assault.
     0 | D        | Reached XP level 1. HP: 18/18 MP: 0/0
     1 | D        | Noticed a bag of meat
     3 | D        | Became a worshipper of Makhleb the Destroyer
     3 | D        | Noticed a meat berserker
     5 | D        | Noticed a bag of meat
     5 | D        | Noticed a bag of meat
     7 | D        | Noticed a bag of meat
     8 | D        | Noticed a bag of meat
     9 | D        | Killed a meat berserker
     9 | D        | Killed a bag of meat
     9 | D        | Reached * piety under Makhleb
     9 | D        | Noticed a meat berserker
     9 | D        | Noticed a meat berserker
     9 | D        | Noticed a meat berserker
     9 | D        | Noticed a bag of meat
     9 | D        | Noticed a meat berserker
    10 | D        | Reached XP level 2. HP: 37/37 MP: 0/0
    10 | D        | Reached XP level 3. HP: 42/42 MP: 0/0
    10 | D        | Learned a level 1 spell: Magic Dart
    10 | D        | Reached XP level 4. HP: 49/49 MP: 0/0
    10 | D        | Reached XP level 5. HP: 54/54 MP: 0/0
    10 | D        | Learned a level 2 spell: Ensorcelled Hibernation
    10 | D        | Reached XP level 6. HP: 59/59 MP: 0/0
    10 | D        | Reached XP level 7. HP: 65/65 MP: 0/0
    10 | D        | Learned a level 2 spell: Poisonous Vapours
    10 | D        | Reached XP level 8. HP: 71/71 MP: 0/0
    10 | D        | Reached XP level 9. HP: 76/76 MP: 0/0
    10 | D        | Learned a level 3 spell: Ignite Poison
    10 | D        | Reached XP level 10. HP: 83/83 MP: 0/0
    10 | D        | Reached XP level 11. HP: 87/87 MP: 0/0
    10 | D        | Learned a level 5 spell: Alistair's Intoxication
    10 | D        | Reached XP level 12. HP: 94/94 MP: 0/0
    10 | D        | Reached XP level 13. HP: 99/99 MP: 0/0
    10 | D        | Learned a level 5 spell: Arcjolt
    10 | D        | Noticed a meat berserker
    10 | D        | Noticed a meat berserker
    11 | D        | Noticed a bag of meat
    11 | D        | Noticed a bag of meat
    11 | D        | Noticed a meat berserker
    12 | D        | Killed a bag of meat
    12 | D        | Killed a meat berserker
    12 | D        | Noticed a meat berserker
    12 | D        | Noticed a bag of meat
    12 | D        | Noticed a bag of meat
    12 | D        | Noticed a bag of meat
    12 | D        | Noticed a bag of meat
    12 | D        | Noticed a bag of meat
    13 | D        | Reached XP level 14. HP: 18/110 MP: 0/0
    13 | D        | Killed a meat berserker
    13 | D        | Reached ** piety under Makhleb
    13 | D        | Killed a meat berserker
    13 | D        | Killed a meat berserker
    14 | D        | Reached skill level 15 in Dodging
    14 | D        | Reached skill level 15 in Unarmed Combat
    14 | D        | Reached XP level 15. HP: 54/121 MP: 0/0
    14 | D        | Learned a level 6 spell: Simulacrum
    14 | D        | Reached XP level 16. HP: 57/128 MP: 0/0
    14 | D        | Killed a meat berserker
    14 | D        | Reached *** piety under Makhleb
    14 | D        | Killed a meat berserker
    14 | D        | Noticed a meat berserker
    15 | D        | Reached skill level 10 in Armour
    15 | D        | Reached skill level 27 in Spellcasting
    15 | D        | Reached XP level 17. HP: 67/139 MP: 0/0
    15 | D        | Learned a level 6 spell: Iron Shot
    15 | D        | Killed a meat berserker
    15 | D        | Reached **** piety under Makhleb
    15 | D        | Killed a meat berserker
    16 | D        | Reached XP level 18. HP: 148/153 MP: 0/0
    16 | D        | Reached ***** piety under Makhleb
    16 | D        | Noticed a large bag of meat
    18 | D        | Noticed a meat berserker
    19 | D        | Reached skill level 15 in Armour
    19 | D        | Reached XP level 19. HP: 166/166 MP: 0/0
    19 | D        | Learned a level 7 spell: Monstrous Menagerie
    19 | D        | Noticed a destroyer
    19 | D        | Noticed a destroyer
    19 | D        | Killed a meat berserker
    19 | D        | Reached ****** piety under Makhleb
    19 | D        | Noticed a meat berserker
    20 | D        | Noticed a meat berserker
    20 | D        | Noticed a meat berserker
    20 | D        | Noticed a meat berserker
    21 | D        | Killed a destroyer
    22 | D        | Reached skill level 27 in Fighting
    22 | D        | Reached skill level 27 in Axes
    22 | D        | Reached XP level 20. HP: 181/181 MP: 0/0
    22 | D        | Killed a destroyer
    22 | D        | Noticed a meat berserker
    22 | D        | Noticed a meat berserker
    23 | D        | Reached skill level 10 in Throwing
    23 | D        | Killed a meat berserker
    24 | D        | Reached skill level 27 in Dodging
    24 | D        | Reached skill level 27 in Unarmed Combat
    24 | D        | Killed a large bag of meat
    25 | D        | Reached XP level 21. HP: 179/187 MP: 0/0
    25 | D        | Learned a level 7 spell: Orb of Destruction
    25 | D        | Killed a meat berserker
    25 | D        | Noticed a destroyer
    26 | D        | Reached skill level 27 in Armour
    26 | D        | Killed a meat berserker
    26 | D        | Killed a meat berserker
    26 | D        | Noticed a large bag of meat
    26 | D        | Noticed a large bag of meat
    27 | D        | Killed a meat berserker
    28 | D        | Reached XP level 22. HP: 185/194 MP: 0/0
    28 | D        | Killed a meat berserker
    28 | D        | Noticed a destroyer
    29 | D        | Reached skill level 27 in Throwing
    29 | D        | Noticed a meat berserker
    30 | D        | Killed a destroyer
    30 | D        | Killed a large bag of meat
    30 | D        | Noticed a large bag of meat
    30 | D        | Noticed The Servant
    31 | D        | Killed a meat berserker
    32 | D        | Reached skill level 10 in Short Blades
    32 | D        | Reached skill level 10 in Long Blades
    32 | D        | Reached skill level 10 in Staves
    32 | D        | Reached skill level 10 in Stealth
    32 | D        | Reached XP level 23. HP: 201/201 MP: 0/0
    32 | D        | Learned a level 8 spell: Maxwell's Capacitive Coupling
    32 | D        | Killed a destroyer
    32 | D        | Noticed a large bag of meat
    33 | D        | Reached skill level 10 in Maces & Flails
    33 | D        | Reached skill level 10 in Polearms
    33 | D        | Reached skill level 10 in Ranged Weapons
    33 | D        | Noticed a destroyer
    35 | D        | Killed a destroyer
    36 | D        | Reached skill level 15 in Short Blades
    36 | D        | Reached skill level 15 in Long Blades
    36 | D        | Reached skill level 15 in Staves
    36 | D        | Reached skill level 15 in Stealth
    36 | D        | Reached XP level 24. HP: 208/208 MP: 0/0
    36 | D        | Killed a large bag of meat
    36 | D        | Killed a large bag of meat
    36 | D        | Noticed a large bag of meat
    36 | D        | Noticed a destroyer
    37 | D        | Reached skill level 15 in Maces & Flails
    37 | D        | Reached skill level 15 in Polearms
    37 | D        | Reached skill level 15 in Ranged Weapons
    37 | D        | Killed a large bag of meat
    38 | D        | Reached XP level 25. HP: 204/214 MP: 0/0
    38 | D        | Learned a level 9 spell: Death's Door
    38 | D        | Noticed a destroyer
    40 | D        | Noticed a destroyer
    40 | D        | Noticed a destroyer
    40 | D        | Demolished by a large bag of meat

Illustrated notes

Levels and vault maps discovered:
D:        meatsprint

Skill      XL: |  1  2  3  4  5  6  7  8  9 10 11 12 13 14 15 16 17 18 19 20 21 22 23 24 |
---------------+-------------------------------------------------------------------------+-----
Fighting       | 11 13 16 18 21 24 27 | 27.0
Axes           | 6 9 12 16 20 24 27 | 27.0
Throwing       | 2 3 4 6 7 9 13 25 27 | 27.0
Armour         | 3 6 8 10 13 15 18 25 27 | 27.0
Dodging        | 12 14 15 17 19 21 24 27 | 27.0
Unarmed Combat | 11 13 15 17 18 20 24 27 | 27.0
Spellcasting   | 19 22 25 27 | 27.0
Short Blades   | 10 15 17 | 17.2
Long Blades    | 10 15 17 | 17.2
Maces & Flails | 9 13 15 | 15.8
Polearms       | 9 13 15 | 15.8
Staves         | 10 15 17 | 17.2
Ranged Weapons | 9 13 15 | 15.8
Stealth        | 10 15 17 | 17.2
Shields        | 11 16 18 | 18.6
Invocations    | 11 16 18 | 18.6
Evocations     | 11 16 18 | 18.6

Action                   |  1- 3 |  4- 6 |  7- 9 | 10-12 | 13-15 | 16-18 | 19-21 | 22-24 | 25-27 || total
-------------------------+-------+-------+-------+-------+-------+-------+-------+-------+-------++-------
Melee: Executioner's axe |     1 |       |       |       |     2 |     5 |     8 |    18 |       ||    34
 Cast: Manifold Assault  |       |       |       |       |       |       |       |     3 |       ||     3

Table legend: (Time is in decaauts)
 A = Elapsed time spent in this place.
 B = Non-inter-level travel time spent in this place.
 C = Inter-level travel time spent in this place.
 D = Time resting spent in this place.
 E = Time spent auto-exploring this place.
 F = Levels seen in this place.
 G = Mean time per level.
                   A        B        C        D        E       F      G
               +--------+--------+--------+--------+--------+-----+--------+
         Total |     36 |     36 |      0 |      0 |      0 |   1 |   36.0 |
       Dungeon |     36 |     36 |      0 |      0 |      0 |   1 |   36.0 |
               +--------+--------+--------+--------+--------+-----+--------+

Top non-repeatable levels by time:
       D: 36 daAuts
